 Dungeon Crawl Stone Soup version 0.17-a0-1078-g243345b (webtiles) character file.

12814 wotan the Grappler (level 11, -4/92 HPs)
             Began as a Ghoul Monk on May 19, 2015.
             Was the Champion of Cheibriados.
             Killed by divine providence
             ... invoked by an orc priest
              (10 damage)
             ... on level 4 of the Orcish Mines.
             The game lasted 01:39:09 (10904 turns).

wotan the Grappler (Ghoul Monk)                    Turns: 10904, Time: 01:39:10

Health: -4/92      AC: 18    Str: 31    XL:     11   Next: 99%
Magic:  16/16      EV: 11    Int: 20    God:    Cheibriados [******]
Gold:   1662       SH:  0    Dex: 29    Spells: 0 memorised, 10 levels left

rFire  . . .     SeeInvis .       - Unarmed
rCold  + . .     Clarity  .     g - +1 plate armour
rNeg   + + +     SustAb   .     (no shield)
rPois  ∞         Gourm    .     q - +1 helmet
rElec  .         Spirit   .     (no cloak)
rCorr  .         Warding  .     (no gloves)
rMut   .         Stasis   .     (no boots)
MR     .....                    l - amulet of regeneration
Stlth  ..........               w - ring of wizardry
                                i - ring of stealth

@: about to teleport, rotting, very slow, not resistant to hostile enchantments,
extremely unstealthy
A: rotting body, claws 1, carnivore 3, cold resistance 1, negative energy
resistance 3, slow healing 1, torment resistance, unbreathing
a: Bend Time, Temporal Distortion, Slouch, Step From Time, Renounce Religion


You were on level 4 of the Orcish Mines.
You worshipped Cheibriados.
Cheibriados was exalted by your worship.
You were not hungry.

You visited 3 branches of the dungeon, and saw 15 of its levels.

You collected 1662 gold pieces.

Inventory:

Missiles
 c - 30 tomahawks (quivered)
 H - 2 steel tomahawks
 K - 5 tomahawks of returning
Armour
 g - a +1 plate armour (worn)
 q - a +1 helmet (worn)
 E - a +0 leather armour
Jewellery
 i - a ring of stealth (left claw)
 l - an amulet of regeneration (around neck)
 w - a ring of wizardry (right claw)
Magical devices
 d - a wand of polymorph (3)
 p - a wand of frost (5)
 v - a wand of heal wounds (1)
 y - a wand of flame (13)
 A - a wand of disintegration (8)
 B - a wand of magic darts (29)
 F - a wand of flame (34)
 G - a wand of polymorph (4)
 J - a wand of fire (3)
Scrolls
 e - 3 scrolls of teleportation
 f - 3 scrolls of recharging
 h - a scroll of amnesia
 k - a scroll of enchant armour
 m - 5 scrolls of remove curse
 C - a scroll of enchant weapon
 D - a scroll of fog
Potions
 a - a potion of agility
 j - 2 potions of curing
 n - a potion of brilliance {unknown}
 o - 2 potions of flight
 r - a potion of heal wounds {unknown}
 s - a potion of invisibility {unknown}
 u - 2 potions of cancellation
 L - a potion of cure mutation {unknown}
Books
 z - a book of the Warp

   Spells                             Type                      Level
   a - Recall                         Summoning/Translocation      3
   b - Gell's Gravitas                Hexes/Translocation          3
   c - Control Teleport               Charms/Translocation         4
   d - Force Lance                    Conjuration/Translocation    4
   e - Phase Shift                    Translocation                5
   f - Warp Weapon                    Charms/Translocation         5
   g - Summon Forest                  Summoning/Translocation      5
Miscellaneous
 x - a lamp of fire
Comestibles
 b - 6 meat rations
 t - 6 beef jerkies
 I - a royal jelly
 M - 2 chunks of flesh


   Skills:
 + Level 7.1 Fighting
 + Level 0.5 Throwing
 + Level 10.6 Armour
 + Level 3.4 Dodging
 + Level 2.4 Stealth
 + Level 12.0 Unarmed Combat
 + Level 9.3 Invocations


You had 10 spell levels left.
You didn't know any spells.

Dungeon Overview and Level Annotations

Branches:
Dungeon (10/15)            Temple (1/1) D:4            Lair (0/8) D:10
    Orc (4/4) D:10            Elf (0/3) Orc:4

Altars:
Ashenzari
Cheibriados
Dithmenos
Elyvilon
Fedhas
Gozag
Kikubaaqudgha
Makhleb
Nemelex Xobeh
Okawaru
Qazlal
Ru
Sif Muna
Trog
Vehumet
Xom
Yredelemnul
Zin
The Shining One
Beogh

Shops:
D:6 :}(   D:10 [   Orc:1 [*}!*

Annotations:
D:8 Maurice, Pikel
D:10 exclusion: 3 oklob plants


Innate Abilities, Weirdness & Mutations

Your body is rotting away.
You thrive on raw meat.
You are immune to poison.
You have sharp fingernails.
You are carnivorous and can eat meat at any time.
Your flesh is cold resistant.
You are immune to negative energy.
You heal slowly when monsters are visible.
You are immune to unholy pain and torment.
You can survive without breathing.


Message History

* * * LOW HITPOINT WARNING * * *
The orc warrior closely misses you. x2
The orc knight roars a battlecry!
The orcs go into a battle-frenzy!
The orc throws a tomahawk.
The tomahawk barely misses you.
The tomahawk hits the orc.
The orc dies!
The orc warrior barely misses you.
The orc priest's eyes start to glow.
Drink which item? (? for menu, Esc to quit)
You feel better. The orc barely misses you.
The orc hits you but does no damage.
The orc priest mumbles some strange prayers to Beogh against you.
Something smites you!
* * * LOW HITPOINT WARNING * * *
The orc priest misses you.
The orc warrior hits you but does no damage.
The orc priest calls down the wrath of Beogh upon you.
Something smites you!
You die...

###### ###
....# #
#.........### .
... ... ... #
......o......
#.#.#o#o#.#.#.#
......ooo......


.o.oooo@ooo.... ....oo.ooo..... #.#.#o#o#.#.#.# ...ooooo..... . ... ... ... #
#.........### ### ....# # ###### You could see an orc knight, an orc high
priest, 5 orc warriors, 10 orc priests and 9 orcs.

Vanquished Creatures
  Josephine (Orc:2)
  Urug (Orc:3)
  2 orc high priests (Orc:2)
  An ugly thing (D:6)
  An orc knight (Orc:4)
  An orc sorcerer (Orc:2)
  2 trolls (D:10)
  Grinder (D:3)
  5 wraiths (Orc:2)
  A wyvern (D:10)
  2 hungry ghosts
  3 wargs
  2 sky beasts (D:9)
  5 centaurs
  8 ogres
  17 orc warriors
  2 phantoms
  7 giant frogs
  A wyvern zombie (D:9)
  The ghost of asdu the Sneak, an average SpAK of Lugonu (D:4)
  A big kobold (D:10)
  3 scorpions
  8 killer bees
  5 wights (D:9)
  5 crimson imps
  18 orc priests
  2 quasits (D:9)
  14 orc wizards
  A giant frog skeleton (D:9)
  3 jellies
  3 hounds
  2 centaur skeletons
  3 iguanas
  4 worker ants
  2 hound skeletons
  2 hound zombies
  Robin (D:4)
  9 adders
  4 shadow imps
  An adder skeleton (D:5)
  5 worms
  6 giant geckos
  163 orcs
  A bat skeleton (D:6)
  A bat zombie (D:5)
  9 giant cockroaches
  21 hobgoblins
  3 jackals (D:9)
  13 kobolds
  2 quokkas
  A ball python (D:5)
  A ball python skeleton (D:4)
  12 bats
  5 giant newts
  34 goblins
  11 rats
  A plant (D:10)
444 creatures vanquished.

Vanquished Creatures (others)
  An orc (Orc:4)
1 creature vanquished.

Grand Total: 445 creatures vanquished

Notes
Turn   | Place    | Note
--------------------------------------------------------------
     0 | D:1      | wotan the Ghoul Monk began the quest for the Orb.
     0 | D:1      | Reached XP level 1. HP: 19/19 MP: 0/0
   170 | D:1      | Reached XP level 2. HP: 19/25 MP: 1/1
   305 | D:1      | Reached skill level 5 in Unarmed Combat
   706 | D:2      | Reached XP level 3. HP: 27/31 MP: 2/2
  1454 | D:3      | Reached skill level 6 in Unarmed Combat
  1454 | D:3      | Reached XP level 4. HP: 17/38 MP: 3/3
  1719 | D:3      | Noticed Grinder
  1722 | D:3      | Paralysed by Grinder for 3 turns
  1755 | D:3      | Killed Grinder
  1755 | D:3      | Reached skill level 8 in Unarmed Combat
  1755 | D:3      | Reached XP level 5. HP: 28/45 MP: 4/4
  1755 | D:3      | Reached XP level 6. HP: 31/51 MP: 5/5
  2270 | D:4      | Found a staircase to the Ecumenical Temple.
  2449 | Temple   | Entered the Ecumenical Temple
  2550 | Temple   | Became a worshipper of Cheibriados the Contemplative
  2550 | Temple   | Acquired Cheibriados's first power
  2677 | D:4      | Noticed Robin
  2687 | D:4      | Reached XP level 7. HP: 52/57 MP: 6/6
  2699 | D:4      | Reached skill level 9 in Unarmed Combat
  2707 | D:4      | Killed Robin
  2767 | D:4      | Noticed asdu's ghost (average SpAK)
  2775 | D:4      | Killed asdu's ghost
  3283 | D:4      | Acquired Cheibriados's second power
  3372 | D:5      | Entered Level 5 of the Dungeon
  3461 | D:5      | Reached skill level 10 in Unarmed Combat
  3502 | D:5      | Reached skill level 1 in Armour
  3753 | D:5      | Reached XP level 8. HP: 53/63 MP: 7/7
  3795 | D:5      | Acquired Cheibriados's third power
  4121 | D:6      | Found Paos's Book Shop.
  4190 | D:6      | Found Weqimugacs's Weapon Shoppe.
  4243 | D:6      | Found a sacrificial altar of Ru.
  4388 | D:6      | Reached skill level 5 in Armour
  4450 | D:6      | Noticed a brown ugly thing
  4604 | D:6      | Found Xuasin's Gadget Emporium.
  4708 | D:6      | Killed a brown ugly thing
  4708 | D:6      | Reached XP level 9. HP: 23/70 MP: 3/8
  5729 | D:7      | Reached skill level 5 in Invocations
  5819 | D:8      | Noticed Maurice
  5890 | D:8      | Acquired Cheibriados's fourth power
  6017 | D:8      | Noticed Pikel
  6237 | D:9      | Reached XP level 10. HP: 72/76 MP: 13/13
  6608 | D:9      | Noticed a centaur skeleton
  6639 | D:9      | Killed a centaur skeleton
  6707 | D:9      | Z4ng3tsu: max ?
  6884 | D:10     | Entered Level 10 of the Dungeon
  6905 | D:10     | Found Saablozu's Armour Shop.
  6918 | D:10     | wotan: sorry?
  6918 | D:10     | Z4ng3tsu: no its ok
  6918 | D:10     | Z4ng3tsu: you have the same nickname as a friend in france
  6930 | D:10     | wotan: ah ok :)
  7014 | D:10     | Z4ng3tsu: t habites pas en alsace je suppose ^^
  7042 | D:10     | wotan: non, j'habite en l'espagne :)
  7063 | D:10     | Z4ng3tsu: ok pas de souci, désolé pour le dérangement
  7063 | D:10     | wotan: pas probleme
  7197 | D:10     | Found a staircase to the Orcish Mines.
  7377 | D:10     | Noticed a hill giant
  7731 | D:10     | Noticed an oklob plant
  7731 | D:10     | Noticed an oklob plant
  7745 | D:10     | Noticed a hill giant
  7863 | D:10     | Found a staircase to the Lair.
  7864 | D:10     | Noticed an oklob plant
  7889 | D:10     | Reached skill level 5 in Fighting
  7889 | D:10     | Reached XP level 11. HP: 59/86 MP: 16/16
  7983 | Orc:1    | Entered Level 1 of the Orcish Mines
  8036 | Orc:1    | Found Ohay's Antique Armour Shop.
  8156 | Orc:1    | Found Ceth's General Store.
  8239 | Orc:1    | Found Yfriobb's Distillery.
  8287 | Orc:1    | Found a shimmering altar of Xom.
  8397 | Orc:1    | Found Ithap's Gadget Boutique.
  8477 | Orc:1    | Found Lehi's Assorted Antiques.
  8531 | Orc:2    | Noticed an orc high priest
  8532 | Orc:2    | Noticed a soul eater
  8835 | Orc:2    | Reached skill level 11 in Unarmed Combat
  9159 | Orc:2    | Found a roughly hewn altar of Beogh.
  9292 | Orc:3    | Noticed Josephine
  9292 | Orc:3    | Noticed an orc high priest
  9328 | Orc:2    | Killed an orc high priest
  9360 | Orc:3    | Noticed Urug
  9795 | Orc:2    | Reached skill level 10 in Armour
  9805 | Orc:2    | Killed Josephine
  9942 | Orc:2    | Killed an orc high priest
 10253 | Orc:3    | Killed Urug
 10464 | Orc:4    | Entered Level 4 of the Orcish Mines
 10547 | Orc:4    | Noticed an orc knight
 10783 | Orc:4    | Killed an orc knight
 10789 | Orc:4    | Reached skill level 12 in Unarmed Combat
 10868 | Orc:4    | Found a staircase to the Elven Halls.
 10896 | Orc:4    | Found a bloodstained altar of Trog.
 10898 | Orc:4    | Noticed a stone giant
 10902 | Orc:4    | Noticed an orc knight
 10903 | Orc:4    | Noticed an orc high priest
 10904 | Orc:4    | Killed from afar by an orc priest

Vault maps used:
D:1:      mrwooster_arrival_statue_2, st_stairs_10
D:2:      first_bread
D:3:      kennysheep_generic_room_15, uniq_grinder
D:4:      temple_statues, uniq_robin
D:5:      minmay_misc_feat_room
D:6:      old_standard_altar, serial_shops, shop_fountains,
          nicolae_shop_crystal, shop, portal_sewer_entry_e, minmay_three_doors
D:7:      grunt_ogre_cave
D:8:      serial_bayou, serial_bayou_shore_a, serial_bayou_ford_a,
          serial_bayou_pond_a, serial_bayou_pond_e, uniq_pikel, uniq_maurice
D:9:      serial_bayou_crossing
D:10:     dpeg_oklobed_lair, david_orc_1_choice, serial_shops, shop
Temple:   grunt_circular_temple_18
Orc:1:    serial_shops, nicolae_shop_behind_doors, nicolae_shop_stone,
          nicolae_shop_overgrown_old_shop, shop_statue, shop_coins, basic_altar
Orc:2:    serial_shops, nicolae_shop_window_shopping, basic_altar, uniq_rupert
Orc:3:    nicolae_orc_pool_cavern, uniq_josephine, uniq_urug
Orc:4:    st_orc_pillars, basic_altar, serial_shops, shop, lemuel_statue_altar

Action                   |  1- 3 |  4- 6 |  7- 9 | 10-12 || total
-------------------------+-------+-------+-------+-------++-------
Melee: Unarmed           |    95 |   123 |   360 |   740 ||  1318
Throw: Tomahawk          |       |       |       |     7 ||     7
Invok: Slouch            |       |       |     1 |     9 ||    10
  Use: Scroll            |     6 |     5 |    12 |    10 ||    33
       Potion            |       |       |       |     2 ||     2
  Eat: Chunk             |     2 |     3 |     8 |    15 ||    28
